 Dungeon Crawl Stone Soup version 0.23.2-1-ga50397a (webtiles) character file.

Game seed: 2681754015903135047

1472 night the Magician (level 8, -6/52 HPs)
             Began as a Mummy Fire Elementalist on May 22, 2019.
             Shot with an arrow by a centaur (18 damage)
             ... on level 6 of the Dungeon on May 24, 2019.
             The game lasted 00:35:38 (9114 turns).

night the Magician (Mummy Fire Elementalist)        Turns: 9114, Time: 00:35:39

Health: -6/52      AC:  5    Str: 11    XL:     8   Next: 49%
Magic:  7/19       EV: 12    Int: 16    God:
Gold:   289        SH:  0    Dex: 13    Spells: 7/22 levels left

rFire    . . .     SeeInvis .   v - +6 great mace (protect)
rCold    + . .     Gourm    .   (shield currently unavailable)
rNeg     + + +     Faith    .   i - +1 robe {rF+}
rPois    ∞         Spirit   .   (no helmet)
rElec    .         Reflect  .   m - +0 cloak
rCorr    .         Harm     .   (no gloves)
MR       +....                  q - +0 pair of boots
Stlth    ++........             b - amulet of regeneration
HPRegen  0.57/turn              (no ring)
MPRegen  0.16/turn              (no ring)

@: no status effects
A: no food or potions, fire vulnerability, cold resistance 1, negative energy
resistance 3, torment resistance, unbreathing
a: no special abilities


You were on level 6 of the Dungeon.
You were not hungry.

You visited 2 branches of the dungeon, and saw 7 of its levels.
You also visited: Sewer.

You collected 289 gold pieces.

Inventory:

Hand Weapons
 c - a +0 whip
 g - a +0 dagger of freezing
 l - a +4 quarterstaff of chaos
 o - a +3 short sword of flaming
 t - a +1 hand crossbow of flaming
 v - a +6 great mace of protection (weapon)
Missiles
 f - 127 stones (quivered)
 j - 152 arrows
 u - 47 bolts
Armour
 i - a +1 robe of fire resistance (worn)
 m - a +0 cloak (worn)
 q - a +0 pair of boots (worn)
Jewellery
 b - an amulet of regeneration (around neck)
 h - an uncursed amulet of guardian spirit
Wands
 k - a wand of random effects (17)
Scrolls
 a - 6 scrolls of identify
 d - a scroll of amnesia {unknown}
 e - 2 scrolls of blinking
 n - a scroll of fog
 p - 3 scrolls of remove curse
 r - 3 scrolls of teleportation
 s - a scroll of enchant armour
 w - a scroll of magic mapping
 x - a scroll of random uselessness {unknown}


   Skills:
 - Level 1.5 Dodging
 - Level 1.5 Stealth
 + Level 7.8 Spellcasting
 + Level 5.1 Conjurations
 + Level 5.6 Fire Magic


You had 7 spell levels left.
You knew the following spells:

 Your Spells              Type           Power        Failure   Level  Hunger
a - Flame Tongue          Conj/Fire      ###..        1%          1    N/A
b - Throw Flame           Conj/Fire      ###...       1%          2    N/A
c - Fireball              Conj/Fire      ###.......   34%         5    N/A
d - Sticky Flame          Conj/Fire      ###.....     13%         4    N/A
e - Conjure Flame         Conj/Fire      ###.....     3%          3    N/A

Your spell library contained the following spells:

 Spells                   Type           Power        Failure   Level  Hunger
 Magic Dart               Conj           ###.         1%          1    N/A
 Inner Flame              Hex/Fire       ###.....     11%         3    N/A
 Animate Skeleton         Necr           N/A          12%         1    N/A
 Pain                     Necr           #...         12%         1    N/A
 Blink                    Tloc           N/A          17%         2    N/A
 Call Imp                 Summ           #.......     17%         2    N/A
 Slow                     Hex            #.......     17%         2    N/A
 Mephitic Cloud           Conj/Pois/Air  ##......     17%         3    N/A
 Vampiric Draining        Necr           #.........   34%         3    N/A
 Animate Dead             Necr           N/A          75%         4    N/A
 Regeneration             Chrm/Necr      Unusable     N/A         3    N/A

Dungeon Overview and Level Annotations

Branches:
Dungeon (6/15)             Temple (1/1) D:6

Altars:
Dithmenos
Elyvilon
Fedhas
Nemelex Xobeh
Qazlal
Xom
Yredelemnul
Zin


Innate Abilities, Weirdness & Mutations

You do not eat or drink.
Your flesh is vulnerable to fire.
You are immune to poison.
Your flesh is cold resistant. (rC+)
You are immune to negative energy. (rN+++)
You are immune to unholy pain and torment.
You can survive without breathing.


Message History

Aiming: Throw Flame (safe; 1% risk of failure)
Press: ? - help, Shift-Dir - straight line, f - gnoll
Aim: a gnoll, wielding a +0 whip The puff of flame hits the gnoll.
The gnoll is moderately wounded.
The centaur shoots an arrow.
The arrow hits you.
The centaur shoots an arrow.
The arrow hits you!
Casting: Throw Flame (safe; 1% risk of failure)
Confirm with . or Enter, or press ? or * to list all spells.
Aiming: Throw Flame (safe; 1% risk of failure)
Press: ? - help, Shift-Dir - straight line, f/p - gnoll
Aim: a gnoll, wielding a +0 whip (moderately wounded)
The puff of flame hits the gnoll!
You kill the gnoll!
The centaur shoots an arrow.
The arrow hits you!
* * * LOW HITPOINT WARNING * * *
A jackal comes into view.
You can't go up here!
The centaur shoots an arrow.
The arrow hits you!!
You die...

#.......^....
####.########
#.# ##.# .#
#####..##
...#....(..#
(....#..(#.####
.#...#.#.....#
#(...@)c.##!#
#(..#)#..# #
##.#...#.#
#.......#
####.##.g #..
... ### h.. .#


You could see a centaur and a jackal.

Vanquished Creatures
  Duvessa (D:4)
  A sky beast (D:6)
  An ogre (D:5)
  A big kobold (D:5)
  2 bullfrogs
  Blork the orc (D:4)
  Dowan (D:4)
  A scorpion (D:6)
  A centaur zombie (D:5)
  A bullfrog skeleton (D:5)
  A jelly (D:5)
  2 orc priests (D:3)
  Crazy Yiuf (D:2)
  2 hounds
  Natasha (thrice) (D:2)
  2 worker ants
  A hound zombie (D:6)
  A howler monkey zombie (D:6)
  15 adders
  4 gnolls
  A howler monkey skeleton (D:5)
  10 river rats
  An ooze (D:4)
  2 adder skeletons
  An adder zombie (D:5)
  5 worms
  2 dart slugs (D:1)
  6 leopard geckos
  3 orcs (D:3)
  2 giant cockroaches
  7 goblins
  9 hobgoblins
  13 jackals
  33 kobolds
  A quokka (D:4)
  4 ball pythons
  11 bats
  10 frilled lizards
  A leopard gecko skeleton (D:3)
  29 rats
  A fungus (D:3)
195 creatures vanquished.

Vanquished Creatures (others)
  A fungus (D:3)
  A plant (D:5)
2 creatures vanquished.

Grand Total: 197 creatures vanquished

Notes
Turn   | Place    | Note
-------+----------+-------------------------------------------
     0 | D:1      | night the Mummy Fire Elementalist began the quest for the
                  | Orb.
     0 | D:1      | Reached XP level 1. HP: 13/13 MP: 4/4
    97 | D:1      | Reached skill level 1 in Conjurations
   257 | D:1      | Reached skill level 3 in Spellcasting
   258 | D:1      | Reached XP level 2. HP: 19/19 MP: 3/6
   262 | D:1      | Learned a level 2 spell: Throw Flame
  1335 | D:2      | Reached XP level 3. HP: 24/24 MP: 4/7
  1340 | D:2      | Learned a level 3 spell: Conjure Flame
  2135 | D:2      | Found a shadowy altar of Dithmenos.
  2221 | D:2      | Reached XP level 4. HP: 29/30 MP: 7/9
  2249 | D:2      | Noticed Natasha
  2274 | D:2      | Killed Natasha
  2274 | D:2      | Reached skill level 4 in Spellcasting
  2342 | D:2      | Found a glowing silver altar of Zin.
  2445 | D:2      | Found a runed translucent door.
  2446 | D:2      | Noticed Crazy Yiuf
  2673 | D:2      | Noticed Natasha
  2680 | D:2      | Killed Natasha
  2680 | D:2      | Reached XP level 5. HP: 24/35 MP: 2/11
  2860 | D:2      | Killed Crazy Yiuf
  3048 | D:2      | Noticed Natasha
  3052 | D:2      | Killed Natasha
  3169 | D:3      | Learned a level 5 spell: Fireball
  3281 | D:3      | Reached XP level 6. HP: 41/41 MP: 9/13
  3300 | D:3      | Reached skill level 5 in Spellcasting
  3707 | D:3      | Learned a level 4 spell: Sticky Flame
  4364 | D:3      | Found a stormy altar of Qazlal.
  4368 | D:3      | Found a blossoming altar of Fedhas.
  4654 | D:4      | Noticed Duvessa
  4660 | D:4      | Noticed Dowan
  4782 | D:4      | Killed Duvessa
  4857 | D:4      | Killed Dowan
  4857 | D:4      | Reached XP level 7. HP: 36/46 MP: 1/15
  4975 | D:4      | Noticed Blork the orc
  4983 | D:4      | Killed Blork the orc
  5238 | D:4      | Reached skill level 6 in Spellcasting
  5770 | D:4      | Found a shimmering altar of Xom.
  6049 | D:5      | Entered Level 5 of the Dungeon
  6561 | D:5      | Found a glowing drain.
  6569 | Sewer    | Entered a sewer
  6904 | Sewer    | Reached skill level 5 in Fire Magic
  7361 | Sewer    | Reached XP level 8. HP: 37/52 MP: 0/18
  7874 | D:5      | Reached skill level 7 in Spellcasting
  8927 | D:6      | Reached skill level 5 in Conjurations
  9087 | D:6      | Found a staircase to the Ecumenical Temple.
  9102 | Temple   | Entered the Ecumenical Temple
  9114 | D:6      | Shot with an arrow by a centaur

Skill      XL: |  1  2  3  4  5  6  7  8 |
---------------+-------------------------+-----
Conjurations   | 1 2 3 4 5 |  5.1
Spellcasting   | 3 4 5 6 7 |  7.8
Fire Magic     | 3 4 5 |  5.6
Dodging        | |  1.5
Stealth        | |  1.5

Action                   |  1- 3 |  4- 6 |  7- 9 || total
-------------------------+-------+-------+-------++-------
Melee: Whip              |     8 |       |       ||     8
       Dagger            |    23 |    24 |       ||    47
       Quarterstaff      |       |    11 |       ||    11
       Short sword       |       |    25 |    39 ||    64
       Great mace        |       |       |    37 ||    37
 Cast: Flame Tongue      |    52 |    46 |    39 ||   137
       Throw Flame       |    16 |    43 |   131 ||   190
       Sticky Flame      |       |     3 |     3 ||     6
       Conjure Flame     |       |       |     2 ||     2
  Use: Scroll            |     2 |       |     6 ||     8
 Stab: Sleeping          |     1 |     3 |     2 ||     6
Armor: Robe              |    10 |    14 |    40 ||    64
Dodge: Dodged            |    18 |    40 |    82 ||   140
